Predators vs Sharks
Created - 28 mars 2014 at 21:37
Goals
|
| Predators |
1 |
1 |
1 |
0 |
3 |
| Sharks |
0 |
1 |
2 |
1 |
4 |
|
Shots
|
| Predators |
8 |
9 |
11 |
1 |
29 |
| Sharks |
1 |
4 |
5 |
2 |
12 |
|
1st period
1. Predators , Alexander Ovechkin 38 (Alexei Yashin, Jean-Pierre Dumont) at 5:36 (PP)
Penalties :
Alex Pietrangelo (SJS) for Interference (Minor) at 5:05, Sheldon Keefe (SJS) for Cross-checking (Minor) at 17:28
2nd period
2. Sharks , Dany Heatley 34 (Daniel Sedin, David Hale) at 1:18 (SH)
3. Predators , Joe Thornton 40 (Alexander Edler) at 7:35 (PP)
Penalties :
Filip Kuba (SJS) for Roughing (Minor) at 0:40, Dany Heatley (SJS) for Tripping (Minor) at 7:02, Jean-Pierre Dumont (Nas) for Hooking (Minor) at 7:44, Dany Heatley (SJS) for Tripping (Minor) at 10:23, Adam Pardy (SJS) for Hooking (Minor) at 15:03
3rd period
4. Sharks , Sheldon Keefe 12 (Matt Moulson, Daniel Sedin) at 11:57
5. Predators , Joe Thornton 41 (Danny Richmond, Alexander Edler) at 18:21 (SH)
6. Sharks , Dany Heatley 35 (Teemu Selanne, Henrik Sedin) at 18:34 (PP)
Penalties :
Dany Heatley (SJS) for Interference (Minor) at 0:28, Henrik Sedin (SJS) for Boarding (Minor) at 9:44, Robyn Regehr (Nas) for Cross-checking (Minor) at 17:43, Ryan Mcdonagh (Nas) for Delaying the game (Minor) at 18:07, Teemu Selanne (SJS) for Tripping (Minor) at 19:01
Overtime #1
7. Sharks , Henrik Sedin 42 (Filip Kuba, Dany Heatley) at 1:21
Penalties :
No Penalty
Goalie Stats
Steve Mason (Nas), 8 saves from 12 shots - (0,667), OTL, 3-0-1, 61:21 minutes
Martin Biron (SJS), 26 saves from 29 shots - (0,897), W, 13-7-5, 61:21 minutes
Players Stats for Predators
Player Name G A P +/- PIM S H SB GA TA FO MP PP MP PK MP
------------------------------------------------------------------------------------
Alexander Edler 0 2 2 1 0 1 1 0 1 0 0/0 23:40 6:19 1:40
Alexander Ovechkin 1 0 1 -1 0 5 4 0 4 1 0/3 23:34 7:14 1:31
Alexander Steen 0 0 0 -1 0 4 1 0 1 1 0/1 20:10 5:30 0:00
Alexei Yashin 0 1 1 -2 0 1 2 0 0 1 4/22 21:51 7:14 0:00
Barret Jackman 0 0 0 0 0 0 0 0 0 0 0/0 11:43 0:00 0:00
Danny Richmond 0 1 1 1 0 2 1 1 0 0 0/0 23:38 6:19 1:40
Georges Laraque 0 0 0 -1 0 0 1 1 1 0 1/1 14:52 0:14 1:19
Jean-Pierre Dumont 0 1 1 -1 2 1 1 0 0 0 1/1 20:49 7:14 0:00
Joe Thornton 2 0 2 1 0 11 2 0 1 1 8/20 24:19 5:30 1:46
Kent Huskins 0 0 0 0 0 0 0 1 0 1 0/0 11:11 0:00 0:00
Kris Vernarsky 0 0 0 -1 0 1 0 0 0 0 2/4 11:05 0:00 0:00
Michael Grabner 0 0 0 0 0 1 2 0 1 0 0/0 19:09 5:30 0:00
Nick Boynton 0 0 0 0 0 0 0 0 0 0 0/0 8:35 0:00 0:51
Oleg Saprykin 0 0 0 0 0 1 0 0 0 0 0/0 7:42 0:14 1:31
Paul Mara 0 0 0 0 0 0 0 0 0 0 0/0 7:43 0:00 0:00
Robyn Regehr 0 0 0 -3 2 0 0 0 1 2 0/0 19:38 6:39 1:13
Ryan Mcdonagh 0 0 0 -3 2 1 1 0 0 1 0/0 19:26 6:39 1:09
Tomas Fleischmann 0 0 0 -1 0 0 1 0 1 0 0/0 11:39 0:14 0:00
Players Stats for Sharks
Player Name G A P +/- PIM S H SB GA TA FO MP PP MP PK MP
------------------------------------------------------------------------------------
Adam Mair 0 0 0 1 0 0 0 0 1 1 2/5 12:01 0:02 1:18
Adam Pardy 0 0 0 1 2 0 1 1 0 0 0/0 14:06 0:00 0:56
Alex Pietrangelo 0 0 0 0 2 1 0 1 0 0 0/0 13:57 0:45 0:00
Daniel Sedin 0 2 2 2 0 1 2 0 0 0 0/1 22:47 0:59 7:53
Dany Heatley 2 1 3 0 6 3 1 0 1 0 5/7 22:01 2:18 4:41
David Hale 0 1 1 2 0 1 1 0 0 2 0/0 17:12 0:00 5:09
David Krejci 0 0 0 0 0 0 1 0 0 0 0/0 2:29 0:00 0:00
Filip Kuba 0 1 1 0 2 0 2 0 0 2 0/0 23:31 2:32 4:24
Henrik Sedin 1 1 2 0 2 1 1 0 0 0 18/21 19:30 2:18 0:05
Ian Laperriere 0 0 0 0 0 0 0 0 1 1 5/6 17:25 0:00 4:19
Joni Pitkanen 0 0 0 0 0 1 4 1 1 3 0/0 29:22 2:32 8:37
Martin Samuelsson 0 0 0 0 0 0 0 0 0 0 0/0 3:42 0:00 1:13
Matt Moulson 0 1 1 1 0 1 0 0 0 1 0/0 12:30 0:00 0:00
Mikko Koivu 0 0 0 0 0 1 2 0 2 0 5/9 18:33 0:59 3:43
Nikolai Zherdev 0 0 0 0 0 0 1 0 0 0 0/1 6:40 0:57 0:00
Shaone Morrisonn 0 0 0 1 0 0 1 2 2 1 0/0 23:47 0:45 8:38
Sheldon Keefe 1 0 1 1 2 1 1 0 0 0 0/0 10:27 0:00 0:00
Teemu Selanne 0 1 1 -1 2 1 2 1 0 0 1/2 20:30 2:17 3:43
3 Stars
1 - Joe Thornton (Nas)
2 - Daniel Sedin (SJS)
3 - Dany Heatley (SJS)
Power Play
Predators - 2 on 9 Attempt(s) - 22,22%
Sharks - 1 on 3 Attempt(s) - 33,33%
Penalty Kill
Predators - 2 on 3 Attempt(s) - 66,67%
- Score 1 goal in Penalty Kill
Sharks - 7 on 9 Attempt(s) - 77,78%
- Score 1 goal in Penalty Kill
Official
Referees : StLaurent Francois and Banfield David
Linesman : Bryan Pancich and Brian Murphy
Game Notes
No Game Note
Finance
Level 1 -- Attendance: 4011 (66,85%) -- Ticket Income 397 089 $
Level 2 -- Attendance: 3427 (68,54%) -- Ticket Income 202 193 $
Level 3 -- Attendance: 1307 (65,35%) -- Ticket Income 50 973 $
Level 4 -- Attendance: 3756 (93,90%) -- Ticket Income 71 364 $
Luxury Box -- Attendance: 752 (75,20%) -- Ticket Income 135 360 $
Game was played at the Hockey Place Center
Total Attendance: 13253 (73,63%)
Total Ticket Income: 856 979 $
Other Income: 128 547 $
Total Income: 985 526 $
Predators
5 vs 5 Forward
Center Left Wing Right Wing Time % Phy DF OF
1 Alexei Yashin Alexander Ovechkin Jean-Pierre Dumont 40 1 2 2
2 Joe Thornton Alexander Steen Michael Grabner 30 1 2 2
3 Kris Vernarsky Tomas Fleischmann Georges Laraque 20 1 2 2
4 Joe Thornton Oleg Saprykin Georges Laraque 10 2 2 1
5 vs 5 Defense
Defense Defense Time % Phy DF OF
1 Alexander Edler Danny Richmond 40 1 2 2
2 Robyn Regehr Ryan Mcdonagh 30 1 2 2
3 Barret Jackman Kent Huskins 20 1 2 2
4 Nick Boynton Paul Mara 10 1 2 2
PowerPlay Forward
Center Left Wing Right Wing Time % Phy DF OF
1 Alexei Yashin Alexander Ovechkin Jean-Pierre Dumont 50 1 2 2
2 Joe Thornton Alexander Steen Michael Grabner 50 2 1 2
PowerPlay Defense
Defense Defense Time % Phy DF OF
1 Alexander Edler Danny Richmond 50 1 2 2
2 Robyn Regehr Ryan Mcdonagh 50 1 2 2
Penalty Kill 4 Players Forward
Center Wing Time % Phy DF OF
1 Joe Thornton Georges Laraque 50 1 2 2
2 Alexander Ovechkin Oleg Saprykin 50 1 2 2
Penalty Kill 4 Players Defense
Defense Defense Time % Phy DF OF
1 Alexander Edler Danny Richmond 50 1 2 2
2 Robyn Regehr Ryan Mcdonagh 50 1 2 2
Penalty Kill - 3 Players Forward
Forward Time % Phy DF OF
1 Joe Thornton 60 1 2 2
2 Alexander Ovechkin 40 1 2 2
Penalty Kill - 3 Players Defense
Defense Defense Time % Phy DF OF
1 Alexander Edler Danny Richmond 60 1 2 2
2 Robyn Regehr Ryan Mcdonagh 40 1 2 2
4 vs 4 Forward
Center Wing Time % Phy DF OF
1 Joe Thornton Alexander Ovechkin 50 1 2 2
2 Alexei Yashin Alexander Steen 50 1 2 2
4 vs 4 Defense
Defense Defense Time % Phy DF OF
1 Alexander Edler Danny Richmond 60 1 2 2
2 Robyn Regehr Ryan Mcdonagh 40 1 2 2
Last Minutes Offensive
Center Left Wing Right Wing Defense Defense
Joe Thornton Alexander Ovechkin Michael Grabner Danny Richmond Alexander Edler
Last Minutes Defensive
Center Left Wing Right Wing Defense Defense
Joe Thornton Alexander Ovechkin Georges Laraque Danny Richmond Robyn Regehr
Goaltenders
Starting : Steve Mason
Backup : Kari Lehtonen
Extra Forwards
Normal : Oleg Saprykin, Alexei Yashin, Tomas Fleischmann - PP : Oleg Saprykin, Alexei Yashin - PK : Tomas Fleischmann
Extra Defensemen
Normal : Barret Jackman, Ryan Mcdonagh, Nick Boynton - PP : Barret Jackman - PK : Ryan Mcdonagh, Nick Boynton
Penalty Shots
Alexander Ovechkin, Joe Thornton, Michael Grabner, Alexander Steen, Jean-Pierre Dumont
Sharks
5 vs 5 Forward
Center Left Wing Right Wing Time % Phy DF OF
1 Henrik Sedin Dany Heatley Teemu Selanne 40 1 2 2
2 Mikko Koivu Daniel Sedin Ian Laperriere 30 1 2 2
3 Adam Mair Matt Moulson Sheldon Keefe 20 1 2 2
4 Henrik Sedin Matt Moulson Nikolai Zherdev 10 1 2 2
5 vs 5 Defense
Defense Defense Time % Phy DF OF
1 Joni Pitkanen Filip Kuba 40 1 2 2
2 Shaone Morrisonn Alex Pietrangelo 30 1 2 2
3 David Hale Adam Pardy 20 1 2 2
4 Joni Pitkanen Filip Kuba 10 1 2 2
PowerPlay Forward
Center Left Wing Right Wing Time % Phy DF OF
1 Henrik Sedin Dany Heatley Teemu Selanne 60 1 1 3
2 Mikko Koivu Daniel Sedin Nikolai Zherdev 40 1 1 3
PowerPlay Defense
Defense Defense Time % Phy DF OF
1 Joni Pitkanen Filip Kuba 60 1 2 2
2 Shaone Morrisonn Alex Pietrangelo 40 1 2 2
Penalty Kill 4 Players Forward
Center Wing Time % Phy DF OF
1 Dany Heatley Daniel Sedin 60 1 4 0
2 Mikko Koivu Teemu Selanne 40 1 4 0
Penalty Kill 4 Players Defense
Defense Defense Time % Phy DF OF
1 Joni Pitkanen Shaone Morrisonn 60 1 4 0
2 Filip Kuba David Hale 40 1 4 0
Penalty Kill - 3 Players Forward
Forward Time % Phy DF OF
1 Dany Heatley 60 0 5 0
2 Daniel Sedin 40 1 4 0
Penalty Kill - 3 Players Defense
Defense Defense Time % Phy DF OF
1 Joni Pitkanen Shaone Morrisonn 60 0 5 0
2 Filip Kuba David Hale 40 0 5 0
4 vs 4 Forward
Center Wing Time % Phy DF OF
1 Henrik Sedin Daniel Sedin 60 1 2 2
2 Mikko Koivu Dany Heatley 40 1 2 2
4 vs 4 Defense
Defense Defense Time % Phy DF OF
1 Joni Pitkanen Filip Kuba 60 1 2 2
2 Shaone Morrisonn Alex Pietrangelo 40 1 2 2
Last Minutes Offensive
Center Left Wing Right Wing Defense Defense
Henrik Sedin Dany Heatley Teemu Selanne Joni Pitkanen Alex Pietrangelo
Last Minutes Defensive
Center Left Wing Right Wing Defense Defense
Henrik Sedin Dany Heatley Ian Laperriere Joni Pitkanen Filip Kuba
Goaltenders
Starting : Martin Biron
Backup : Jimmy Howard
Extra Forwards
Normal : Sheldon Keefe, Nikolai Zherdev, Matt Moulson - PP : Adam Mair, Matt Moulson - PK : Ian Laperriere
Extra Defensemen
Normal : Adam Pardy, Shaone Morrisonn, Alex Pietrangelo - PP : Alex Pietrangelo - PK : Shaone Morrisonn, Adam Pardy
Penalty Shots
Dany Heatley, Henrik Sedin, Daniel Sedin, Mikko Koivu, Teemu Selanne
% Time on Ice - Predators
Lines # - Real PCT - Wanted PCT - Time Play
Normal Forward
1 - 34% - 40% - 14:43
2 - 30% - 30% - 13:00
3 - 24% - 20% - 10:14
4 - 11% - 10% - 4:50
Normal Defense
1 - 34% - 40% - 14:45
2 - 25% - 30% - 10:53
3 - 22% - 20% - 9:31
4 - 18% - 10% - 7:38
PP Forward
1 - 56% - 50% - 7:14
2 - 44% - 50% - 5:44
PP Defense
1 - 49% - 50% - 6:19
2 - 51% - 50% - 6:39
PK Forward
1 - 46% - 50% - 1:19
2 - 54% - 50% - 1:31
PK Defense
1 - 43% - 50% - 1:13
2 - 57% - 50% - 1:37
PK3 Forward
1 - 100% - 60% - 0:27
2 - 0% - 40% - 0:00
PK3 Defense
1 - 100% - 60% - 0:27
2 - 0% - 40% - 0:00
44 Forward
1 - 52% - 50% - 1:12
2 - 48% - 50% - 1:07
44 Defense
1 - 61% - 60% - 1:25
2 - 39% - 40% - 0:54
Last Minute Offensive - 0:00
Last Minute Defensive - 0:00
Total
Forward - 61:21
Defense - 61:21
|
% Time on Ice - Sharks
Lines # - Real PCT - Wanted PCT - Time Play
Normal Forward
1 - 35% - 40% - 15:01
2 - 32% - 30% - 13:51
3 - 23% - 20% - 9:56
4 - 9% - 10% - 3:59
Normal Defense
1 - 42% - 40% - 17:46
2 - 29% - 30% - 12:24
3 - 27% - 20% - 11:31
4 - 3% - 10% - 1:06
PP Forward
1 - 70% - 60% - 2:18
2 - 30% - 40% - 0:59
PP Defense
1 - 77% - 60% - 2:32
2 - 23% - 40% - 0:45
PK Forward
1 - 71% - 60% - 9:15
2 - 29% - 40% - 3:43
PK Defense
1 - 62% - 60% - 8:03
2 - 38% - 40% - 4:55
PK3 Forward
1 - 100% - 60% - 0:54
2 - 0% - 40% - 0:00
PK3 Defense
1 - 74% - 60% - 0:40
2 - 26% - 40% - 0:14
44 Forward
1 - 81% - 60% - 1:09
2 - 19% - 40% - 0:16
44 Defense
1 - 76% - 60% - 1:05
2 - 24% - 40% - 0:20
Last Minute Offensive - 0:00
Last Minute Defensive - 0:00
Total
Forward - 61:21
Defense - 61:21
|
Play by Play
1st period
0:01 of 1st period - Alexei Yashin wins face-off versus Henrik Sedin in neutral zone.
0:36 of 1st period - Wrist shot by Joe Thornton.
0:36 of 1st period - Stopped by Martin Biron without a rebound.
0:37 of 1st period - Kris Vernarsky wins face-off versus Adam Mair in Sharks zone.
1:09 of 1st period - Snap shot by Jean-Pierre Dumont.
1:09 of 1st period - Stopped by Martin Biron with a rebound.
1:17 of 1st period - Wrist shot by Daniel Sedin.
1:17 of 1st period - Stopped by Steve Mason with a rebound.
1:19 of 1st period - Slapshot by Shaone Morrisonn.
1:19 of 1st period - Shot Misses the Net.
2:26 of 1st period - Icing by Michael Grabner.
2:27 of 1st period - Mikko Koivu wins face-off versus Joe Thornton in Predators zone.
3:32 of 1st period - Icing by Kris Vernarsky.
3:33 of 1st period - Alexei Yashin wins face-off versus Mikko Koivu in Predators zone.
4:02 of 1st period - Snap shot by Alexander Steen.
4:02 of 1st period - Stopped by Martin Biron without a rebound.
4:03 of 1st period - Henrik Sedin wins face-off versus Joe Thornton in Sharks zone.
4:10 of 1st period - Snap shot by Joe Thornton.
4:10 of 1st period - Stopped by Martin Biron with a rebound.
5:05 of 1st period - Minor Penalty to Alex Pietrangelo for Interference.
5:06 of 1st period - Ian Laperriere wins face-off versus Alexei Yashin in Sharks zone.
5:13 of 1st period - Off-side.
5:14 of 1st period - Ian Laperriere wins face-off versus Alexei Yashin in neutral zone.
5:36 of 1st period - Snap shot by Alexander Ovechkin.
5:36 of 1st period - Goal by Alexander Ovechkin - Predators : 1 - Sharks : 0.
5:37 of 1st period - Alexei Yashin wins face-off versus Nikolai Zherdev in neutral zone.
5:40 of 1st period - Backhand shot by Alexander Ovechkin.
5:40 of 1st period - Shot Misses the Net.
6:26 of 1st period - Georges Laraque is hit by Joni Pitkanen and loses puck.
6:49 of 1st period - Slapshot by Joe Thornton.
6:49 of 1st period - Stopped by Martin Biron with a rebound.
7:55 of 1st period - Wrist shot by Daniel Sedin.
7:55 of 1st period - Shot Misses the Net.
8:21 of 1st period - Wrist shot by Oleg Saprykin.
8:21 of 1st period - Stopped by Martin Biron without a rebound.
8:22 of 1st period - Henrik Sedin wins face-off versus Alexei Yashin in Sharks zone.
8:35 of 1st period - Slapshot by Jean-Pierre Dumont.
8:35 of 1st period - Shot Misses the Net.
8:59 of 1st period - Wrist shot by Sheldon Keefe.
8:59 of 1st period - Shot Blocked by Danny Richmond.
9:21 of 1st period - Wrist shot by Alexander Edler.
9:21 of 1st period - Stopped by Martin Biron with a rebound.
9:23 of 1st period - Snap shot by Tomas Fleischmann.
9:23 of 1st period - Shot Misses the Net.
10:19 of 1st period - Alexander Steen is hit by Adam Pardy and loses puck.
11:35 of 1st period - Paul Mara is hit by David Krejci.
13:34 of 1st period - Alex Pietrangelo is hit by Georges Laraque and loses puck.
14:31 of 1st period - Alexander Edler is hit by Nikolai Zherdev and loses puck.
17:28 of 1st period - Minor Penalty to Sheldon Keefe for Cross-checking.
17:29 of 1st period - Dany Heatley wins face-off versus Alexei Yashin in Sharks zone.
19:28 of 1st period - Penalty to Sheldon Keefe is over, Sheldon Keefe is back on ice.
Goals for this period are 1 for Predators vs 0 for Sharks.
Shots for this period are 8 for Predators vs 1 for Sharks.
2nd period
0:01 of 2nd period - Henrik Sedin wins face-off versus Alexei Yashin in neutral zone.
0:06 of 2nd period - Slapshot by Henrik Sedin.
0:06 of 2nd period - Shot Misses the Net.
0:26 of 2nd period - Mikko Koivu is hit by Alexander Steen and loses puck.
0:31 of 2nd period - Snap shot by Alexander Steen.
0:31 of 2nd period - Deflect By Joe Thornton.
0:31 of 2nd period - Stopped by Martin Biron with a rebound.
0:40 of 2nd period - Minor Penalty to Filip Kuba for Roughing.
0:41 of 2nd period - Dany Heatley wins face-off versus Joe Thornton in Sharks zone.
0:51 of 2nd period - Snap shot by Alexander Steen.
0:51 of 2nd period - Deflect By Joe Thornton.
0:51 of 2nd period - Stopped by Martin Biron with a rebound.
1:07 of 2nd period - Daniel Sedin is hit by Alexander Ovechkin and loses puck.
1:18 of 2nd period - Backhand shot by Dany Heatley.
1:18 of 2nd period - Goal by Dany Heatley - Predators : 1 - Sharks : 1.
1:19 of 2nd period - Joe Thornton wins face-off versus Dany Heatley in neutral zone.
1:54 of 2nd period - Wrist shot by Alexei Yashin.
1:54 of 2nd period - Shot Blocked by Shaone Morrisonn.
2:40 of 2nd period - Penalty to Filip Kuba is over, Filip Kuba is back on ice.
2:41 of 2nd period - Icing by Danny Richmond.
2:42 of 2nd period - Joe Thornton wins face-off versus Adam Mair in Predators zone.
2:47 of 2nd period - Danny Richmond is hit by Filip Kuba and loses puck.
3:19 of 2nd period - Slapshot by Danny Richmond.
3:19 of 2nd period - Stopped by Martin Biron with a rebound.
3:33 of 2nd period - Georges Laraque is hit by Joni Pitkanen and loses puck.
3:50 of 2nd period - Snap shot by Adam Mair.
3:50 of 2nd period - Shot Misses the Net.
3:52 of 2nd period - Slapshot by Alex Pietrangelo.
3:52 of 2nd period - Stopped by Steve Mason without a rebound.
3:53 of 2nd period - Henrik Sedin wins face-off versus Alexander Ovechkin in Predators zone.
4:19 of 2nd period - Daniel Sedin is hit by Ryan Mcdonagh and loses puck.
4:24 of 2nd period - Slapshot by Tomas Fleischmann.
4:24 of 2nd period - Shot Misses the Net.
5:19 of 2nd period - Slapshot by David Hale.
5:19 of 2nd period - Deflect By Alexander Steen.
5:19 of 2nd period - Stopped by Steve Mason with a rebound.
6:05 of 2nd period - Snap shot by Joni Pitkanen.
6:05 of 2nd period - Stopped by Steve Mason with a rebound.
7:02 of 2nd period - Minor Penalty to Dany Heatley for Tripping.
7:03 of 2nd period - Alexei Yashin wins face-off versus Daniel Sedin in Sharks zone.
7:16 of 2nd period - Joni Pitkanen is hit by Jean-Pierre Dumont.
7:28 of 2nd period - Shaone Morrisonn is hit by Joe Thornton and loses puck.
7:35 of 2nd period - Snap shot by Joe Thornton.
7:35 of 2nd period - Goal by Joe Thornton - Predators : 2 - Sharks : 1.
7:36 of 2nd period - Henrik Sedin wins face-off versus Alexei Yashin in neutral zone.
7:39 of 2nd period - Alexei Yashin is hit by Teemu Selanne.
7:44 of 2nd period - Minor Penalty to Jean-Pierre Dumont for Hooking.
7:45 of 2nd period - Georges Laraque wins face-off versus Teemu Selanne in Predators zone.
7:45 of 2nd period - Georges Laraque is hit by Teemu Selanne.
9:37 of 2nd period - Alexander Ovechkin is hit by Shaone Morrisonn and loses puck.
9:44 of 2nd period - Penalty to Jean-Pierre Dumont is over, Jean-Pierre Dumont is back on ice.
9:49 of 2nd period - Off-side.
9:50 of 2nd period - Adam Mair wins face-off versus Joe Thornton in neutral zone.
9:59 of 2nd period - Wrist shot by Michael Grabner.
9:59 of 2nd period - Stopped by Martin Biron without a rebound.
10:00 of 2nd period - Kris Vernarsky wins face-off versus Adam Mair in Sharks zone.
10:03 of 2nd period - Snap shot by Georges Laraque.
10:03 of 2nd period - Shot Blocked by Adam Pardy.
10:12 of 2nd period - Icing by Adam Mair.
10:13 of 2nd period - Adam Mair wins face-off versus Alexei Yashin in Sharks zone.
10:20 of 2nd period - Snap shot by Alexander Ovechkin.
10:20 of 2nd period - Stopped by Martin Biron without a rebound.
10:21 of 2nd period - Henrik Sedin wins face-off versus Alexei Yashin in Sharks zone.
10:23 of 2nd period - Minor Penalty to Dany Heatley for Tripping.
10:24 of 2nd period - Ian Laperriere wins face-off versus Alexander Steen in Sharks zone.
10:55 of 2nd period - Snap shot by Alexander Ovechkin.
10:55 of 2nd period - Stopped by Martin Biron without a rebound.
10:56 of 2nd period - Joe Thornton wins face-off versus Ian Laperriere in Sharks zone.
11:21 of 2nd period - Filip Kuba is hit by Alexei Yashin and loses puck.
11:30 of 2nd period - Snap shot by Alexander Ovechkin.
11:30 of 2nd period - Stopped by Martin Biron without a rebound.
11:31 of 2nd period - Joe Thornton wins face-off versus Mikko Koivu in Sharks zone.
11:44 of 2nd period - Slapshot by Alexander Steen.
11:44 of 2nd period - Stopped by Martin Biron with a rebound.
12:23 of 2nd period - Penalty to Dany Heatley is over, Dany Heatley is back on ice.
13:18 of 2nd period - Snap shot by Adam Mair.
13:18 of 2nd period - Shot Blocked by Kent Huskins.
14:10 of 2nd period - Matt Moulson is hit by Michael Grabner and loses puck.
15:03 of 2nd period - Minor Penalty to Adam Pardy for Hooking.
15:04 of 2nd period - Dany Heatley wins face-off versus Alexei Yashin in Sharks zone.
15:37 of 2nd period - Wrist shot by Joe Thornton.
15:37 of 2nd period - Shot Blocked by Shaone Morrisonn.
15:39 of 2nd period - Slapshot by Ryan Mcdonagh.
15:39 of 2nd period - Shot Misses the Net.
16:43 of 2nd period - Icing by Ryan Mcdonagh.
16:44 of 2nd period - Dany Heatley wins face-off versus Alexei Yashin in Predators zone.
17:03 of 2nd period - Penalty to Adam Pardy is over, Adam Pardy is back on ice.
18:31 of 2nd period - Alexander Ovechkin is hit by David Hale and loses puck.
18:39 of 2nd period - Icing by Nick Boynton.
18:40 of 2nd period - Mikko Koivu wins face-off versus Alexei Yashin in Predators zone.
18:41 of 2nd period - Snap shot by Ian Laperriere.
18:41 of 2nd period - Deflect By Henrik Sedin.
18:41 of 2nd period - Deflect By Jean-Pierre Dumont.
18:41 of 2nd period - Shot Misses the Net.
18:41 of 2nd period - Puck is out of play.
18:42 of 2nd period - Joe Thornton wins face-off versus Henrik Sedin in Predators zone.
18:47 of 2nd period - Henrik Sedin is hit by Joe Thornton and loses puck.
19:13 of 2nd period - Jean-Pierre Dumont is hit by Daniel Sedin.
19:52 of 2nd period - Joe Thornton is hit by Dany Heatley and loses puck.
Goals for this period are 1 for Predators vs 1 for Sharks.
Shots for this period are 9 for Predators vs 4 for Sharks.
3rd period
0:01 of 3rd period - Henrik Sedin wins face-off versus Alexei Yashin in neutral zone.
0:03 of 3rd period - Off-side.
0:04 of 3rd period - Henrik Sedin wins face-off versus Alexei Yashin in neutral zone.
0:28 of 3rd period - Minor Penalty to Dany Heatley for Interference.
0:29 of 3rd period - Ian Laperriere wins face-off versus Joe Thornton in Sharks zone.
1:10 of 3rd period - Off-side.
1:11 of 3rd period - Mikko Koivu wins face-off versus Alexei Yashin in neutral zone.
1:14 of 3rd period - Ryan Mcdonagh is hit by Mikko Koivu and loses puck.
2:23 of 3rd period - Alexander Ovechkin is hit by Joni Pitkanen and loses puck.
2:28 of 3rd period - Penalty to Dany Heatley is over, Dany Heatley is back on ice.
2:41 of 3rd period - Alex Pietrangelo is hit by Tomas Fleischmann and loses puck.
4:02 of 3rd period - Icing by Alexander Edler.
4:03 of 3rd period - Mikko Koivu wins face-off versus Kris Vernarsky in Predators zone.
5:27 of 3rd period - Alexei Yashin is hit by Filip Kuba and loses puck.
6:29 of 3rd period - Tomas Fleischmann is hit by Daniel Sedin.
7:25 of 3rd period - Matt Moulson is hit by Alexei Yashin and loses puck.
7:52 of 3rd period - Barret Jackman is hit by Mikko Koivu.
9:44 of 3rd period - Minor Penalty to Henrik Sedin for Boarding.
9:45 of 3rd period - Joe Thornton wins face-off versus Dany Heatley in Sharks zone.
11:26 of 3rd period - Icing by Jean-Pierre Dumont.
11:27 of 3rd period - Mikko Koivu wins face-off versus Alexei Yashin in Predators zone.
11:44 of 3rd period - Penalty to Henrik Sedin is over, Henrik Sedin is back on ice.
11:44 of 3rd period - Shaone Morrisonn is hit by Michael Grabner and loses puck.
11:55 of 3rd period - Snap shot by Matt Moulson.
11:55 of 3rd period - Stopped by Steve Mason with a rebound.
11:57 of 3rd period - Snap shot by Sheldon Keefe.
11:57 of 3rd period - Goal by Sheldon Keefe - Predators : 2 - Sharks : 2.
11:58 of 3rd period - Teemu Selanne wins face-off versus Joe Thornton in neutral zone.
12:25 of 3rd period - Ian Laperriere is hit by Alexander Ovechkin and loses puck.
12:35 of 3rd period - Icing by Mikko Koivu.
12:36 of 3rd period - Jean-Pierre Dumont wins face-off versus Mikko Koivu in Sharks zone.
12:37 of 3rd period - Slapshot by Alexander Ovechkin.
12:37 of 3rd period - Stopped by Martin Biron with a rebound.
12:55 of 3rd period - Ryan Mcdonagh is hit by Joni Pitkanen and loses puck.
13:02 of 3rd period - Wrist shot by Daniel Sedin.
13:02 of 3rd period - Deflect By Mikko Koivu.
13:02 of 3rd period - Shot Misses the Net.
13:02 of 3rd period - Puck is out of play.
13:03 of 3rd period - Henrik Sedin wins face-off versus Joe Thornton in Predators zone.
13:10 of 3rd period - Snap shot by Alexander Edler.
13:10 of 3rd period - Shot Blocked by Alex Pietrangelo.
13:12 of 3rd period - Slapshot by Joe Thornton.
13:12 of 3rd period - Stopped by Martin Biron without a rebound.
13:13 of 3rd period - Henrik Sedin wins face-off versus Joe Thornton in Sharks zone.
13:18 of 3rd period - Slapshot by Alexander Steen.
13:18 of 3rd period - Shot Blocked by Teemu Selanne.
13:20 of 3rd period - Slapshot by Danny Richmond.
13:20 of 3rd period - Stopped by Martin Biron without a rebound.
13:21 of 3rd period - Henrik Sedin wins face-off versus Alexei Yashin in Sharks zone.
13:53 of 3rd period - Wrist shot by Joe Thornton.
13:53 of 3rd period - Stopped by Martin Biron with a rebound.
13:55 of 3rd period - Slapshot by Alexander Edler.
13:55 of 3rd period - Deflect By Joe Thornton.
13:55 of 3rd period - Shot Blocked by Joni Pitkanen.
13:55 of 3rd period - Puck is out of play.
13:56 of 3rd period - Joe Thornton wins face-off versus Mikko Koivu in Sharks zone.
14:09 of 3rd period - Slapshot by Alexander Steen.
14:09 of 3rd period - Stopped by Martin Biron without a rebound.
14:10 of 3rd period - Henrik Sedin wins face-off versus Alexei Yashin in Sharks zone.
14:21 of 3rd period - Filip Kuba is hit by Alexander Ovechkin and loses puck.
14:36 of 3rd period - Joni Pitkanen is hit by Alexander Edler and loses puck.
15:19 of 3rd period - Wrist shot by Alexei Yashin.
15:19 of 3rd period - Stopped by Martin Biron with a rebound.
15:39 of 3rd period - Wrist shot by Joe Thornton.
15:39 of 3rd period - Stopped by Martin Biron with a rebound.
15:41 of 3rd period - Slapshot by Joe Thornton.
15:41 of 3rd period - Deflect By Alexander Steen.
15:41 of 3rd period - Stopped by Martin Biron with a rebound.
15:43 of 3rd period - Slapshot by Ryan Mcdonagh.
15:43 of 3rd period - Deflect By Joe Thornton.
15:43 of 3rd period - Stopped by Martin Biron with a rebound.
16:29 of 3rd period - Barret Jackman is hit by Sheldon Keefe and loses puck.
17:24 of 3rd period - Henrik Sedin is hit by Alexander Ovechkin and loses puck.
17:35 of 3rd period - Snap shot by Kris Vernarsky.
17:35 of 3rd period - Stopped by Martin Biron without a rebound.
17:36 of 3rd period - Ian Laperriere wins face-off versus Kris Vernarsky in Sharks zone.
17:43 of 3rd period - Minor Penalty to Robyn Regehr for Cross-checking.
17:44 of 3rd period - Henrik Sedin wins face-off versus Joe Thornton in Predators zone.
17:47 of 3rd period - Snap shot by Henrik Sedin.
17:47 of 3rd period - Shot Blocked by Georges Laraque.
18:07 of 3rd period - Minor Penalty to Ryan Mcdonagh for Delaying the game.
18:08 of 3rd period - Henrik Sedin wins face-off versus Joe Thornton in Predators zone.
18:19 of 3rd period - Snap shot by Joe Thornton.
18:19 of 3rd period - Shot Misses the Net.
18:21 of 3rd period - Slapshot by Danny Richmond.
18:21 of 3rd period - Deflect By Joe Thornton.
18:21 of 3rd period - Goal by Joe Thornton - Predators : 3 - Sharks : 2.
18:22 of 3rd period - Henrik Sedin wins face-off versus Joe Thornton in neutral zone.
18:25 of 3rd period - Danny Richmond is hit by Henrik Sedin and loses puck.
18:30 of 3rd period - Snap shot by Henrik Sedin.
18:30 of 3rd period - Shot Misses the Net.
18:32 of 3rd period - Slapshot by Teemu Selanne.
18:32 of 3rd period - Shot Misses the Net.
18:34 of 3rd period - Snap shot by Dany Heatley.
18:34 of 3rd period - Goal by Dany Heatley - Predators : 3 - Sharks : 3.
18:35 of 3rd period - Henrik Sedin wins face-off versus Alexander Ovechkin in neutral zone.
18:42 of 3rd period - Snap shot by Teemu Selanne.
18:42 of 3rd period - Stopped by Steve Mason without a rebound.
18:43 of 3rd period - Henrik Sedin wins face-off versus Alexander Ovechkin in Predators zone.
19:01 of 3rd period - Minor Penalty to Teemu Selanne for Tripping.
19:02 of 3rd period - Joe Thornton wins face-off versus Henrik Sedin in Sharks zone.
19:18 of 3rd period - Henrik Sedin is hit by Danny Richmond and loses puck.
19:51 of 3rd period - Slapshot by Joni Pitkanen.
19:51 of 3rd period - Deflect By Mikko Koivu.
19:51 of 3rd period - Stopped by Steve Mason with a rebound.
Goals for this period are 1 for Predators vs 2 for Sharks.
Shots for this period are 11 for Predators vs 5 for Sharks.
Overtime #1
0:01 of 1st overtime period - Henrik Sedin wins face-off versus Joe Thornton in neutral zone.
0:07 of 1st overtime period - Penalty to Ryan Mcdonagh is over, Ryan Mcdonagh is back on ice.
0:09 of 1st overtime period - Slapshot by Alexander Edler.
0:09 of 1st overtime period - Shot Misses the Net.
0:11 of 1st overtime period - Snap shot by Ryan Mcdonagh.
0:11 of 1st overtime period - Stopped by Martin Biron without a rebound.
0:12 of 1st overtime period - Dany Heatley wins face-off versus Alexei Yashin in Sharks zone.
0:19 of 1st overtime period - Snap shot by Dany Heatley.
0:19 of 1st overtime period - Stopped by Steve Mason with a rebound.
1:01 of 1st overtime period - Penalty to Teemu Selanne is over, Teemu Selanne is back on ice.
1:07 of 1st overtime period - Slapshot by Teemu Selanne.
1:07 of 1st overtime period - Shot Misses the Net.
1:21 of 1st overtime period - Slapshot by Filip Kuba.
1:21 of 1st overtime period - Deflect By Henrik Sedin.
1:21 of 1st overtime period - Goal by Henrik Sedin - Predators : 3 - Sharks : 4.
Goals for this period are 0 for Predators vs 1 for Sharks.
Shots for this period are 1 for Predators vs 2 for Sharks.
Output by the SimonT Hockey Simulator (STHS) for François Prévost -- Original Page W3C XHTML 1.0 Valid